 Dungeon Crawl Stone Soup version 0.20-a0-1000-g0e8f6bb (webtiles) character file.

190 Monsterracer the Poker (level 5, 0/38 HPs)
             Began as a Merfolk Skald on Apr 12, 2017.
             Was an Initiate of Ashenzari.
             Succumbed to a scorpion's poison
             ... on level 3 of the Dungeon.
             The game lasted 00:10:54 (2980 turns).

Monsterracer the Poker (Merfolk Skald)              Turns: 2980, Time: 00:10:55

Health: 0/38       AC:  3    Str:  9 (11) XL:     5   Next: 69%
Magic:  8/8        EV: 12    Int: 15 (16) God:    Ashenzari [......]
Gold:   141        SH:  0    Dex: 12 (13) Spells: 2/8 levels left

rFire    . . .     SeeInvis .   a - +0 spear
rCold    . . .     Gourm    .   (no shield)
rNeg     . . .     Faith    .   b - +0 leather armour
rPois    .         Spirit   .   (no helmet)
rElec    .         Reflect  .   (no cloak)
rCorr    .         Harm     .   (no gloves)
MR       .....                  (no boots)
Stlth    +.........             (no amulet)
Regen    0.2/turn               j - +2 ring of intelligence
MPRegen  0.2/turn               (no ring)

@: lethally poisoned (0 -> -1)
A: change form in water, swift swim, stealthy swim
a: Curse Item, Renounce Religion


You were on level 3 of the Dungeon.
You worshipped Ashenzari.
Ashenzari was noncommittal.
You were hungry.

You visited 1 branch of the dungeon, and saw 3 of its levels.

You collected 141 gold pieces.

Inventory:

Hand Weapons
 a - a +0 spear (weapon)
Armour
 b - a +0 leather armour (worn)
 l - a cursed +0 ring mail
Jewellery
 j - a +2 ring of intelligence (left hand)
Scrolls
 e - 4 scrolls of identify
 g - 3 scrolls of blinking
 h - a scroll of teleportation
Potions
 k - 2 potions of might
Books
 c - a book of Battle

   Spells                             Type                      Level
   a - Infusion                       Charms                       1
   b - Shroud of Golubria             Charms/Translocation         2
   c - Song of Slaying                Charms                       2
   d - Spectral Weapon                Hexes/Charms                 3
   e - Regeneration                   Charms/Necromancy            3
Comestibles
 d - a bread ration
 f - 4 meat rations
 i - a fruit
 n - a royal jelly


   Skills:
 - Level 2.1 Fighting
 * Level 5.6 Polearms
 - Level 0.6 Armour
 - Level 2.6 Dodging
 - Level 2.0 Spellcasting
 + Level 1.0 Hexes
 * Level 5.4 Charms


You had 2 spell levels left.
You knew the following spells:

 Your Spells              Type           Power        Failure   Level  Hunger
a - Infusion              Chrm           ###.         4%          1    #......
b - Song of Slaying       Chrm           ###.....     8%          2    ###....
c - Spectral Weapon       Hex/Chrm       ##......     28%         3    ###....


Dungeon Overview and Level Annotations

Branches:
Dungeon (3/15)

Altars:
Ashenzari


Message History

You feel sick.
The hobgoblin hits you but does no damage.
You hit the hobgoblin.
You kill the hobgoblin!
Okay, then.
There is a lethal amount of poison in your body!
There is a lethal amount of poison in your body!
Drop what? 13/52 slots (_ for help) (? for menu, Esc to quit)
Okay, then.
* * * LOW HITPOINT WARNING * * *
You feel sick.
* * * LOW HITPOINT WARNING * * *
You feel sick.
* * * LOW HITPOINT WARNING * * *
You feel sick.
Your song is almost over.
* * * LOW HITPOINT WARNING * * *
You feel sick.
Your song has ended.
You die...

.... .... .....
..... ......
###...... #.†......
##@#
###############..##
..................#
################...#
......... #....#
......... .....#
.#######. ....## .#
.# ...## .#######.#
.##


There were no monsters in sight!

Vanquished Creatures
  A scorpion (D:3)
  3 adders
  4 gnolls (D:3)
  2 worms (D:2)
  4 dart slugs
  4 leopard geckos
  2 giant cockroaches
  2 goblins
  8 hobgoblins
  5 jackals
  A quokka (D:2)
  5 bats
  4 frilled lizards
  8 kobolds
  6 rats
59 creatures vanquished.

Vanquished Creatures (others)
  A spectral weapon (D:3)
1 creature vanquished.

Grand Total: 60 creatures vanquished

Notes
Turn   | Place    | Note
-------+----------+-------------------------------------------
     0 | D:1      | Monsterracer the Merfolk Skald began the quest for the Orb.
     0 | D:1      | Reached XP level 1. HP: 16/16 MP: 3/3
   243 | D:1      | Reached XP level 2. HP: 16/22 MP: 0/5
   247 | D:1      | Learned a level 2 spell: Song of Slaying
   883 | D:1      | Reached XP level 3. HP: 27/27 MP: 2/6
  1003 | D:1      | Learned a level 3 spell: Spectral Weapon
  1178 | D:1      | Found a shattered altar of Ashenzari.
  1184 | D:1      | Became a worshipper of Ashenzari the Shackled
  2018 | D:2      | Reached XP level 4. HP: 29/33 MP: 7/7
  2701 | D:3      | Reached skill level 5 in Polearms
  2705 | D:3      | Reached skill level 5 in Charms
  2710 | D:3      | Reached XP level 5. HP: 29/38 MP: 0/8
  2959 | D:3      | Reached skill level 1 in Hexes
  2972 | D:3      | HP: 1/38 [poisoned by a scorpion]
  2980 | D:3      | Succumbed to a scorpion's poison

Vault maps used:
D:1:      lightli_arrival_maybe_door_vault, ashenzari_altar_1
D:3:      first_bread, minivault_19, kennysheep_generic_room_8

Skill      XL: |  1  2  3  4  5 |
---------------+----------------+-----
Polearms       | 4 5 |  5.6
Charms         | 4 5 |  5.4
Hexes          | 1 |  1.0
Fighting       | |  2.1
Armour         | |  0.6
Dodging        | |  2.6
Spellcasting   | |  2.0

Action                   |  1- 3 |  4- 6 || total
-------------------------+-------+-------++-------
Melee: Spear             |   121 |   109 ||   230
 Cast: Infusion          |    12 |     3 ||    15
       Song of Slaying   |     4 |     3 ||     7
       Spectral Weapon   |       |     1 ||     1
  Use: Potion            |     6 |     2 ||     8
       Scroll            |     3 |     1 ||     4
 Stab: Distracted        |     1 |       ||     1
       Sleeping          |     1 |       ||     1
  Eat: Chunk             |     4 |     3 ||     7
Armor: Leather armour    |    18 |    11 ||    29
Dodge: Dodged            |    39 |    46 ||    85
